 Dungeon Crawl Stone Soup version 0.14-a0-2759-g5bb4bfe (webtiles) character file.

281 Quh the Ruinous (level 4, -1/24 HPs)
             Began as a Deep Elf Conjurer on Feb 23, 2014.
             Slain by an orc wizard
             ... wielding a -1,+1 orcish dagger
              (2 damage)
             ... on Level 3 of the Dungeon.
             The game lasted 00:24:25 (2767 turns).

Quh the Ruinous (Deep Elf Conjurer)                 Turns: 2767, Time: 00:24:26

HP  -1/24        AC  2     Str  6      XL: 4   Next: 81%
MP   0/13        EV 19     Int 20      God:
Gold 157         SH  0     Dex 15      Spells:  2 memorised,  6 levels left

rFire  . . .     SeeInvis .     (no weapon)
rCold  . . .     Clarity  .     a - +0 elf robe
rNeg   . . .     Conserve .     (no shield)
rPois  .         rCorr    .     (no helmet)
rElec  .         rRot     .     (no cloak)
SustAb . .       Spirit   .     (no gloves)
rMut   .         Warding  .     (no boots)
Saprov . . .     Stasis   .     (no amulet)
MR     .....                    i - +2 ring of evasion
                                e - +4 ring of evasion

@: not resistant to hostile enchantments, fairly stealthy
A: no striking features
a: no special abilities


You were on level 3 of the Dungeon.
You were not hungry.

You visited 1 branch of the dungeon, and saw 3 of its levels.

You collected 157 gold pieces.

Inventory:

Hand weapons
 q - a +0 blowgun
Missiles
 y - 7 poisoned needles
Armour
 a - a +0 elven robe (worn)
 o - a cursed +0 orcish robe
Magical devices
 r - a wand of fireball (6)
 v - a wand of confusion (17) {unknown}
Comestibles
 d - 2 pears
 f - a sausage
 s - 4 chunks of orc flesh
 u - a chunk of orc flesh
 z - a bread ration
 B - a chunk of bat flesh
Scrolls
 g - 2 scrolls of blinking {unknown}
 k - 2 scrolls of remove curse {unknown}
 l - 2 scrolls of enchant armour {unknown}
 n - a scroll of teleportation {unknown}
 A - 2 scrolls of recharging {unknown}
Jewellery
 e - a +4 ring of evasion (left hand)
 i - a +2 ring of evasion (right hand)
 p - an uncursed ring of wizardry {unknown}
 x - an uncursed ring of see invisible {unknown}
Potions
 b - a potion of paralysis {unknown}
 h - a potion of heal wounds {unknown}
 j - a potion of invisibility
 m - a potion of might {unknown}
 t - 2 potions of brilliance {unknown}
 w - a potion of curing {unknown}
Books
 c - a book of Conjurations

   Spells                             Type                      Level
   *Magic Dart                        Conjuration                  1
   *Searing Ray                       Conjuration                  2
   Dazzling Spray                     Conjuration/Hexes            3
   Fulminant Prism                    Conjuration/Hexes            4
   Iskenderun's Mystic Blast          Conjuration                  4
   Iskenderun's Battlesphere          Conjuration/Charms           5


   Skills:
 - Level 2.4 Dodging
 - Level 2.4 Stealth
 - Level 3.0 Spellcasting
 * Level 6.8 Conjurations


You had 6 spell levels left.
You knew the following spells:

 Your Spells              Type           Power        Failure   Level  Hunger
a - Magic Dart            Conj           ####         1%          1    None
b - Searing Ray           Conj           ####..       1%          2    ##.....


Dungeon Overview and Level Annotations

Branches:
Dungeon (3/16)

Altars:


Message History

The orc wizard is severely wounded.
The orc wizard hits you with an orcish dagger.
* * * LOW HITPOINT WARNING * * *
Casting: Searing Ray
Confirm with . or Enter, or press ? or * to list all spells.
Aiming: Magic Dart
Press: ? - help, Shift-Dir - straight line, f/p - orc wizard
Aim: an orc wizard, wielding an orcish dagger and wearing an orcish robe (severely wounded)
The magic dart hits the orc wizard.
The orc wizard is severely wounded.
The orc wizard hits you with an orcish dagger.
* * * LOW HITPOINT WARNING * * *
You closely miss the orc wizard.
The orc wizard is severely wounded.
The orc wizard hits you with an orcish dagger.
* * * LOW HITPOINT WARNING * * *
You closely miss the orc wizard.
The orc wizard is severely wounded.
The orc wizard hits you with an orcish dagger.
You die...

.######## #.# ...o[....# #.#
#.# #.# #.# #.# # ###.# #.#
##.#########...# #.# ###
#............### #.# #..
#......#####o# #># #.#
#.####.# #@# #.###.#
##.####.#####.### #...#.#
#................# #.#.#(#
..P.♣.♣..#####.... ...#.#.##
#.P♣P♣♣♣..## #)...#.<##....##
P.P♣♣♣P..# #.#.....##.....###
#...♣♣P.####.#..............#
#...♣♣PP.....#.#.#.#......#..
###..♣♣..###.#.#.#.#.#...#...


You could see an orc wizard.

Vanquished Creatures
  An orc priest (D:3)
  An orc wizard (D:3)
  An adder (D:2)
  2 giant geckos (D:3)
  An ooze (D:3)
  3 orcs (D:3)
  7 hobgoblins
  6 jackals
  5 kobolds
  8 bats
  3 giant newts
  3 goblins
  11 rats
52 creatures vanquished.

Notes
Turn   | Place    | Note
--------------------------------------------------------------
     0 | D:1      | Quh, the Deep Elf Conjurer, began the quest for the Orb.
     0 | D:1      | Reached XP level 1. HP: 10/10 MP: 5/5
   491 | D:1      | Reached XP level 2. HP: 15/15 MP: 6/8
   497 | D:1      | Learned a level 2 spell: Searing Ray
   583 | D:1      | Reached skill level 5 in Conjurations
  1552 | D:2      | Reached XP level 3. HP: 19/19 MP: 5/10
  2537 | D:3      | Reached skill level 6 in Conjurations
  2576 | D:3      | Reached XP level 4. HP: 22/24 MP: 5/13
  2766 | D:3      | HP: 1/24 [orc wizard/orcish dagger (3)]
  2767 | D:3      | Slain by an orc wizard

Action                   |  1- 3 |  4- 6 || total
-------------------------+-------+-------++-------
Melee: Unarmed           |   199 |     2 ||   201
 Cast: Magic Dart        |    81 |    17 ||    98
       Searing Ray       |    11 |     5 ||    16
  Use: Scroll            |     4 |     1 ||     5
